 Dungeon Crawl Stone Soup version 0.30.0-2-g1aa4bd4387 (webtiles) character file.

Game seed: 10410174760704516055

12301 Jarnaxa the Carver (level 11, -1/84 HPs)
             Began as a Demonspawn Fighter on May 7, 2023.
             Was a Believer of Makhleb.
             Slain by a troll (8 damage)
             ... on level 11 of the Dungeon.
             The game lasted 00:21:59 (11383 turns).

Jarnaxa the Carver (Demonspawn Fighter)            Turns: 11383, Time: 00:22:00

Health: -1/84      AC: 19    Str: 22    XL:     11   Next: 60%
Magic:  11/11      EV:  7    Int:  9    God:    Makhleb [**....]
Gold:   929        SH: 12    Dex: 18    Spells: 10/10 levels left

rFire   . . .        H - +2 scimitar (flame)
rCold   . . .        c - +0 buckler
rNeg    . . .        k - +1 plate armour
rPois   .            (helmet restricted)
rElec   .            (no cloak)
rCorr   +            g - +0 pair of gloves
SInv    .            (no boots)
Will    .....        v - amulet of reflection Stlth
                     y - ring of resist corrosion
HPRegen 1.34/turn    A - +6 ring of dexterity
MPRegen 0.12/turn

%: reflection
@: lethally poisoned (-1 -> -3), slowed, very slow
A: antennae 1, thin metallic scales 2, powered by death 3, MP-powered wands
a: Renounce Religion, Minor Destruction


You were on level 11 of the Dungeon.
You worshipped Makhleb.
Makhleb was pleased with you.
You visited 2 branches of the dungeon, and saw 12 of its levels.
You also visited: Sewer and Ossuary.

You collected 929 gold pieces.

Inventory:

Hand Weapons
 l - a +4 falchion of freezing
 H - a +2 scimitar of flaming (weapon)
 K - a +5 scimitar
Missiles
 I - a throwing net (quivered)
Armour
 c - a +0 buckler (worn)
 g - a +0 pair of gloves (worn)
 k - a +1 plate armour (worn)
Jewellery
 e - an amulet of regeneration
 o - the ring of Xaodd {*Corrode MP+9 Int+6 Stlth+}
   (You found it in a sewer)

   [ring of magical power]

   Int:       It affects your intelligence (+6).
   MP:        It affects your magic capacity (+9).
   *Corrode:  It may corrode you when you take damage.
   Stlth:     It makes you more stealthy.
 s - an amulet of guardian spirit
 v - an amulet of reflection (around neck)
 y - a ring of resist corrosion (left hand)
 A - a +6 ring of dexterity (right hand)
Wands
 p - a wand of flame (12)
 C - a wand of acid (7)
 G - a wand of charming (6)
 J - a wand of mindburst (9)
Scrolls
 a - a scroll of identify
 d - a scroll of amnesia
 f - a scroll of fear
 j - 4 scrolls of teleportation
 q - 2 scrolls of vulnerability
 z - 3 scrolls of poison
 E - a scroll of noise
 L - a scroll of magic mapping
 M - a scroll of enchant armour
Potions
 b - a potion of haste
 h - 6 potions of resistance
 i - 2 potions of lignification
 m - 2 potions of flight
 r - 2 potions of invisibility
 t - 2 potions of magic {unknown}
 u - a potion of cancellation {unknown}
 w - 2 potions of heal wounds {unknown}
 x - 2 potions of brilliance
 B - a potion of degeneration {unknown}
 D - 2 potions of curing
 F - 2 potions of attraction {unknown}


   Skills:
 + Level 7.0 Fighting
 + Level 11.5 Long Blades
 + Level 8.3 Armour
 + Level 2.2 Dodging
 + Level 2.0 Stealth
 + Level 8.3 Shields
 + Level 0.1 Evocations


You had 10 spell levels left.
You didn't know any spells.
Your spell library contained the following spells:

 Spells                   Type           Power      Damage    Failure   Level
 Apportation              Tloc           0%         N/A       100%        1
 Poisonous Vapours        Pois/Air       0%         N/A       100%        2
 Mephitic Cloud           Conj/Pois/Air  0%         N/A       100%        3
 Alistair's Intoxication  Tmut/Pois      0%         N/A       100%        5
 Freezing Cloud           Conj/Ice/Air   0%         6-21      100%        5


Dungeon Overview and Level Annotations

Branches:
Dungeon (11/15)            Temple (1/1) D:6           Sewer (visited)
Ossuary (visited)
   Lair: D:8-11         Orc: D:9-12

Altars:
Ashenzari
Cheibriados
Dithmenos
Fedhas
Gozag
Hepliaklqana
Kikubaaqudgha
Makhleb
Nemelex Xobeh
Okawaru
Ru
Sif Muna
Trog
Uskayaw
Vehumet
Wu Jian
Xom
Yredelemnul

Shops:
D:3 (   D:5 (

Annotations:
D:8 2 transporters, Glokmah's ghost, journeyman VSMo
D:11 Sonja


Innate Abilities, Weirdness & Mutations

You have a pair of small antennae on your head.
You are mostly covered in thin metallic scales. (AC +3)
You regenerate a lot of health from kills.
You expend magic power (3 MP) to strengthen your wands.


Message History

You block the troll's attack. The troll claws you but does no damage.
The troll barely misses you.
You feel better. Something hits you!
Sonja throws a curare-tipped dart.
The curare-tipped dart hits you.
You are poisoned.
You have difficulty breathing.
You feel as though you will be slow longer.
You block the troll's attack.
The troll claws you but does no damage. x2
You closely miss Sonja.
You feel very sick. Something hits you but does no damage.
You block the troll's attack. x3
Sonja casts a spell.
Sonja blinks!
Something hits you but does no damage. The troll barely misses you.
The troll claws you! The troll claws you but does no damage.
The troll attacks as you move away! The troll barely misses you.
The troll completely misses you. The troll claws you but does no damage.
You feel very sick. Something hits you but does no damage.
Sonja casts a spell.
Sonja blinks!
You block something's attack.
You feel very sick. Something hits you but does no damage.
Sonja throws a curare-tipped dart.
The curare-tipped dart hits you.
You are more poisoned.
You have difficulty breathing.
* * * LOW HITPOINT WARNING * * *
You feel as though you will be slow longer.
The troll bites you but does no damage. The troll claws you but does no damage.
You block the troll's attack.
You slash the troll! You burn the troll.
The troll is heavily wounded.
You feel very sick. Something hits you.
* * * LOW HITPOINT WARNING * * *
Sonja throws a curare-tipped dart.
Something hits you but does no damage.
Sonja throws a curare-tipped dart.
The troll bites you!
* * * LOW HITPOINT WARNING * * *
The troll claws you but does no damage. The troll claws you!
You die...

≈≈≈≈≈≈≈≈≈≈≈≈≈≈≈
≈≈≈≈≈≈≈≈≈≈≈≈≈≈≈≈≈
≈≈≈≈≈≈≈≈≈≈≈≈≈≈≈≈≈
≈≈≈≈≈≈≈≈≈≈≈≈≈≈≈≈≈
≈≈≈≈≈≈≈≈≈≈≈≈≈≈≈≈≈
#################
........)..............
...............T@.......
...........[..†{........
........................
........................
.....................(..
........................
...?....<.K.............
c.......................
.......................


You could see a troll and Sonja.

Vanquished Creatures
  3 centaur warriors (D:8)
  Amaemon (D:9)
  An ugly thing (D:8)
  A cyclops (D:8)
  Joseph (D:7)
  2 manticores
  An orange demon (D:9)
  A gargoyle (D:10)
  An efreet (D:8)
  2 trolls
  A hornet (D:9)
  4 yaks (D:10)
  2 wraiths
  4 vampire mosquitoes (D:10)
  4 steam dragons
  5 water moccasins
  An acid dragon (D:10)
  3 ice beasts
  2 orc warriors
  3 black bears
  2 ogres
  4 centaurs
  A phantom (D:6)
  3 kobold brigands
  4 bullfrogs
  2 gnoll sergeants
  2 scorpions (D:4)
  13 wights
  6 killer bees (D:9)
  The ghost of paps the Caller, a weakling OpSu (D:3)
  A hound (D:6)
  A gnoll bouda (D:4)
  3 orc priests
  2 jellies (D:4)
  3 sleepcaps
  7 iguanas
  Ijyb (D:3)
  7 orc wizards
  9 mummies
  6 gnolls
  12 adders
  An ufetubus (D:5)
  A worm (D:3)
  2 dart slugs (D:4)
  20 orcs
  19 endoplasms
  11 giant cockroaches
  A gnoll zombie (Ossuary)
  13 goblins
  5 hobgoblins
  10 jackals
  16 quokkas
  19 ball pythons
  7 bats
  13 frilled lizards
  4 hobgoblin zombies (Ossuary)
  15 kobolds
  3 kobold zombies (Ossuary)
  4 rats
297 creatures vanquished.

Vanquished Creatures (others)
  An orc warrior (D:7)
  2 kobolds (D:10)
3 creatures vanquished.

Grand Total: 300 creatures vanquished

Notes
Turn   | Place    | Note
-------+----------+-------------------------------------------
     0 | D:1      | Jarnaxa the Demonspawn Fighter began the quest for the Orb.
     0 | D:1      | Reached XP level 1. HP: 18/18 MP: 1/1
   189 | D:1      | Gained mutation: You regenerate a little health from kills.
                  | [demonic ancestry]
   189 | D:1      | Reached XP level 2. HP: 24/24 MP: 2/2
   767 | D:1      | Reached skill level 1 in Dodging
   886 | D:1      | Reached skill level 2 in Long Blades
   886 | D:1      | Reached XP level 3. HP: 29/29 MP: 3/3
  1295 | D:2      | Reached XP level 4. HP: 35/35 MP: 4/4
  1570 | D:2      | Found a faded altar of an unknown god.
  1816 | D:3      | Found a glowing drain.
  1838 | Sewer    | Entered a sewer
  2057 | Sewer    | Reached skill level 3 in Long Blades
  2093 | Sewer    | Gained mutation: You are partially covered in thin metallic
                  | scales. (AC +2) [demonic ancestry]
  2093 | Sewer    | Reached XP level 5. HP: 40/41 MP: 5/5
  2194 | Sewer    | Reached XP level 6. HP: 39/48 MP: 6/6
  2217 | Sewer    | Identified the ring of Xaodd {*Corrode MP+9 Int+6 Stlth+}
  2302 | D:3      | Noticed Ijyb
  2317 | D:3      | Killed Ijyb
  2351 | D:3      | Found Muof's Antique Weapon Emporium.
  2403 | D:3      | Found a transporter.
  2508 | D:3      | Noticed paps's ghost (weakling OpSu)
  2521 | D:3      | Found a transporter.
  2553 | D:3      | Killed paps's ghost
  2554 | D:3      | Reached skill level 4 in Long Blades
  3397 | D:4      | Gained mutation: You regenerate health from kills. [demonic
                  | ancestry]
  3397 | D:4      | Reached XP level 7. HP: 52/54 MP: 7/7
  3684 | D:4      | Reached skill level 5 in Long Blades
  3856 | D:5      | Entered Level 5 of the Dungeon
  3873 | D:5      | Found Ziyfepn's Weapon Emporium.
  3893 | D:5      | Reached skill level 5 in Armour
  4336 | D:5      | Found a sand-covered staircase.
  4351 | Ossuary  | Entered an ossuary
  4388 | Ossuary  | Gained mutation: You have a pair of small antennae on your
                  | head. [demonic ancestry]
  4388 | Ossuary  | Reached XP level 8. HP: 61/61 MP: 8/8
  5026 | D:5      | Identified the +0 leather armour of Past Mistakes {rF+
                  | Will+ Str+8}
  5076 | D:5      | Reached skill level 6 in Long Blades
  5579 | D:6      | Found a staircase to the Ecumenical Temple.
  5603 | Temple   | Entered the Ecumenical Temple
  5881 | Temple   | Became a worshipper of Makhleb the Destroyer
  6411 | D:6      | Reached skill level 5 in Fighting
  6414 | D:6      | Identified the +8 dagger "Babelofi" {elec, rN+}
  6610 | D:6      | Reached skill level 7 in Long Blades
  6791 | D:6      | Gained mutation: You are dopey. (Int -2) [potion of
                  | mutation]
  6791 | D:6      | Gained mutation: You expend magic power (3 MP) to
                  | strengthen your wands. [potion of mutation]
  6791 | D:6      | Lost mutation: You are dopey. (Int -2) [potion of mutation]
  6830 | D:7      | Noticed Joseph
  6857 | D:7      | Killed Joseph
  6858 | D:7      | Gained mutation: You regenerate a lot of health from kills.
                  | [demonic ancestry]
  6858 | D:7      | Reached XP level 9. HP: 33/68 MP: 9/9
  6960 | D:7      | Reached skill level 5 in Shields
  6987 | D:7      | Reached skill level 8 in Long Blades
  7258 | D:7      | Reached * piety under Makhleb
  7589 | D:7      | Reached skill level 9 in Long Blades
  7868 | D:8      | Reached XP level 10. HP: 73/76 MP: 10/10
  7878 | D:8      | Noticed a two-headed ogre
  7883 | D:8      | Found a transporter.
  7888 | D:8      | Found a transporter.
  7892 | D:8      | Noticed Glokmah's ghost (journeyman VSMo)
  7908 | D:8      | Noticed a two-headed ogre
  7974 | D:8      | Noticed a cyclops
  7982 | D:8      | Killed a cyclops
  7985 | D:8      | Noticed a manticore
  7993 | D:8      | Killed a manticore
  7994 | D:8      | Noticed a centaur warrior
  8012 | D:8      | Noticed a red ugly thing
  8026 | D:8      | Killed a red ugly thing
  8034 | D:8      | Killed a centaur warrior
  8043 | D:8      | Noticed a centaur warrior
  8055 | D:8      | Killed a centaur warrior
  8056 | D:8      | Reached skill level 10 in Long Blades
  8056 | D:8      | Reached skill level 1 in Stealth
  8112 | D:8      | Noticed a centaur warrior
  8124 | D:8      | Killed a centaur warrior
  8416 | D:8      | Found a radiant altar of Vehumet.
  9099 | D:9      | Gained mutation: You are mostly covered in thin metallic
                  | scales. (AC +3) [demonic ancestry]
  9099 | D:9      | Reached XP level 11. HP: 68/82 MP: 11/11
  9231 | D:9      | Reached ** piety under Makhleb
  9553 | D:9      | Noticed a skeletal warrior
  9554 | D:9      | Noticed a centaur warrior
  9556 | D:9      | Noticed a centaur warrior
  9604 | D:9      | Paralysed by a hornet for 3 turns
  9702 | D:9      | Noticed Amaemon
  9720 | D:9      | HP: 4/83 [poisoned by Amaemon]
  9724 | D:9      | Killed Amaemon
 10151 | D:9      | Noticed a boulder beetle
 10154 | D:9      | Noticed a centaur warrior
 10492 | D:10     | Entered Level 10 of the Dungeon
 10524 | D:10     | Reached skill level 11 in Long Blades
 10933 | D:10     | Found an opulent altar of Gozag.
 11367 | D:11     | Noticed Sonja
 11383 | D:11     | Slain by a troll

Illustrated notes

Levels and vault maps discovered:
D:1:      dpeg_arrival_round_a, layout_basic
D:2:      layout_rooms, dreamdust_ecumenical_altar_hidden_monk_grotto
D:3:      layout_loops_cross, gammafunk_ghost_arena, portal_sewer_entry_d,
          serial_shops, nicolae_shop_trees, amcnicky_mini_rare_corridor_liquid,
          uniq_ijyb
D:4:      minmay_chambers_of_twos, layout_loops_ring, kennysheep_generic_room_15
D:5:      layout_gridville, serial_shops, nicolae_square_shop,
          gup_ossuary_entry_pyramid, minmay_ogre_servants
D:6:      layout_rooms, minmay_temple_entry_glass
D:7:      layout_loops_ring, corexii_corridor_pit, grunt_ministairs_15,
          lightli_minifort, uniq_joseph
D:8:      layout_basic, nicolae_vehumet_altar_sigil, nzn_ghost_randoct,
          minmay_evil_grid
D:9:      layout_long_grid, onia_ninara_dug_in_and_dangerous, uniq_amaemon
D:10:     layout_basic, nicolae_gozag_seed_capital
D:11:     layout_cross, lair_entry_dummy, uniq_sonja
Temple:   mainiacjoe_temple_big_plus

Skill      XL: |  1  2  3  4  5  6  7  8  9 10 11 |
---------------+----------------------------------+-----
Armour         | 3 4 5 6 7 8 |  8.3
Dodging        | 1 2 |  2.2
Long Blades    | 2 3 4 5 7 9 10 11 | 11.5
Shields        | 3 4 6 7 8 |  8.3
Fighting       | 4 5 6 7 |  7.0
Stealth        | 1 2 |  2.0
Evocations     | |  0.1

Action                     |  1- 3 |  4- 6 |  7- 9 | 10-12 || total
---------------------------+-------+-------+-------+-------++-------
  Melee: Long sword        |   173 |   360 |   472 |       ||  1005
         Falchion          |       |       |    81 |    78 ||   159
         Scimitar          |       |       |       |   273 ||   273
  Evoke: Wand              |       |       |     1 |       ||     1
    Use: Scroll            |     3 |     1 |    13 |     4 ||    21
         Potion            |       |       |     5 |     6 ||    11
   Stab: Invisible         |       |       |       |     6 ||     6
 Armour: Scale mail        |    50 |       |       |       ||    50
         Plate armour      |    44 |   391 |   320 |   206 ||   961
         Skin              |       |       |    15 |       ||    15
  Dodge: Dodged            |    74 |   140 |   156 |    98 ||   468
  Block: Buckler           |    46 |   116 |   269 |   253 ||   684
         Reflection        |       |       |     2 |    20 ||    22
